 Dungeon Crawl Stone Soup version 0.31-a0-360-gb3e1d13bf4 (webtiles) character file.

Game seed: 2977156749392012466

2520 Newt the Nimble (level 9, -6/68 HPs)
             Began as a Merfolk Fighter on July 26, 2023.
             Was a Follower of Makhleb.
             Mangled by a yak (11 damage)
             ... on level 8 of the Dungeon.
             The game lasted 00:09:43 (8659 turns).

Newt the Nimble (Merfolk Fighter)                   Turns: 8659, Time: 00:09:44

Health: -6/68      AC:  6    Str: 18    XL:     9   Next: 54%
Magic:  15/16      EV: 13    Int:  7    God:    Makhleb [*.....]
Gold:   34         SH: 15    Dex: 22    Spells: 16/18 levels left

rFire   . . .        f - +3 long sword
rCold   . . .        t - +0 kite shield
rNeg    . . .        b - +0 scale mail
rPois   .            (no helmet)
rElec   .            (no cloak)
rCorr   .            (no gloves)
SInv    +            (no boots)
Will    .....        e - amulet of reflection
Stlth   +            k - ring of see invisible
HPRegen 0.31/turn    p - +6 ring of dexterity
MPRegen 0.15/turn

%: reflection
@: wereblooded
A: (nimble swimmer 2), mertail
a: Renounce Religion


You were on level 8 of the Dungeon.
You worshipped Makhleb.
Makhleb was aware of your devotion.
You visited 2 branches of the dungeon, and saw 9 of its levels.

You collected 379 gold pieces.
You spent 345 gold pieces at shops.

Inventory:

Hand Weapons
 a - a +1 long sword
 f - a +3 long sword (weapon)
 q - the +4 halberd of Instinct {heavy, Drain rElec rC+}
   (You bought it in a shop on level 6 of the Dungeon)

   rC:        It protects you from cold.
   rElec:     It insulates you from electricity.
   Drain:     It drains your maximum health when unequipped.
Armour
 b - a +0 scale mail (worn)
 c - a +0 buckler
 t - a +0 kite shield (worn)
Jewellery
 d - an amulet of regeneration
 e - an amulet of reflection (around neck)
 k - a ring of see invisible (left hand)
 p - a +6 ring of dexterity (right hand)
Wands
 i - a wand of charming (1)
 o - a wand of roots (4)
Scrolls
 g - 2 scrolls of amnesia
 j - a scroll of teleportation
 l - a scroll of revelation
Potions
 h - a potion of enlightenment
 m - 3 potions of brilliance
 n - 2 potions of mutation


   Skills:
 - Level 5.0 Fighting
 - Level 7.1 Long Blades
 - Level 2.1 Armour
 + Level 8.0 Dodging
 - Level 3.0 Stealth
 - Level 3.0 Shields
 - Level 5.2 Spellcasting
 - Level 7.5 Transmutations


You had 16 spell levels left.
You knew the following spells:

 Your Spells              Type           Power      Damage    Failure   Level
a - Wereblood             Tmut           12%        N/A       16%         2

Your spell library contained the following spells:

 Spells                   Type           Power      Damage    Failure   Level
 Summon Small Mammal      Summ           4%         N/A       94%         1
 Ensorcelled Hibernation  Hex/Ice        2%         N/A       98%         2
 Sublimation of Blood     Necr           1%         N/A       98%         2
 Call Canine Familiar     Summ           1%         N/A       100%        3
 Summon Guardian Golem    Hex/Summ       1%         N/A       100%        3
 Anguish                  Hex/Necr       0%         N/A       100%        4
 Animate Dead             Necr           1%         N/A       100%        4
 Passage of Golubria      Tloc           1%         N/A       100%        4
 Silence                  Hex/Air        0%         N/A       100%        5
 Haunt                    Necr/Summ      0%         N/A       100%        7
 Summon Hydra             Summ           0%         N/A       100%        7
 Infestation              Necr           0%         N/A       100%        8
 Lehudib's Crystal Spear  Conj/Erth      0%         10d2      100%        8


Dungeon Overview and Level Annotations

Branches:
Dungeon (8/15)             Temple (1/1) D:4
   Lair: D:8-11

Altars:
Cheibriados
Elyvilon
Fedhas
Hepliaklqana
Kikubaaqudgha
Makhleb
Nemelex Xobeh
Okawaru
Ru
Trog
Uskayaw
Vehumet
Xom
Yredelemnul

Shops:
D:1 ?   D:2 !   D:4 (   D:6 (


Innate Abilities, Weirdness & Mutations

((You are very nimble when in or above water. (Stealth+, EV+, Speed+++)))
Your lower body shifts to a powerful aquatic tail in water.


Message History

You block the yak's attack.
You feel sick.
Casting: Wereblood (safe; 16% risk of failure)
Press: ? - help, Q - select action, (/) - cycle Dir - look around, f - activate Your blood is infused with primal strength.
You feel sick. The yak gores you!
A yak comes into view.
Unknown command.
You slash the yak!
The yak is severely wounded.
You feel sick. The yak gores you.
* * * LOW HITPOINT WARNING * * *
You completely miss the yak.
The yak is severely wounded.
You feel sick.
You are no longer poisoned.
You block the yak's attack.
You slash the yak!
The yak is almost dead.
You block the yak's attack.
You slash the yak!
You feel a bit better.
You kill the yak!
Makhleb accepts your kill. The yak gores you!
* * * LOW HITPOINT WARNING * * *
Your Dodging skill increases to level 8!
Unknown command.
You slash the yak!
The yak is moderately wounded.
The yak barely misses you.
Unknown command.
Aiming: Charm
Press: ? - help, Shift-Dir - straight line, f - yak
Aim: a yak (moderately wounded, chance to affect: 49%)
The yak resists with some effort.
You block the yak's attack.
Aiming: Charm
Press: ? - help, Shift-Dir - straight line, f/p - yak
Aim: a yak (moderately wounded, chance to affect: 49%)
The yak resists with some effort.
The yak gores you!
You die...

.# #.##### .#
#.....# .#
#####.# .# #.#
.# #.# ## #.#
#.# ########.
#.######........
#....@YYY.######
########..# #..#
#..# ..Y.S....#
..#.......#
..........#
..#.......# .
#.......#


You could see 3 yaks.

Vanquished Creatures
  A yak (D:8)
  4 water moccasins
  An orc warrior (D:8)
  2 sky beasts
  An ice beast (D:7)
  2 ogres
  2 phantoms
  2 bullfrogs
  A gnoll sergeant (D:5)
  A scorpion (D:4)
  7 wights (D:6)
  2 howler monkeys
  4 hounds
  A jelly (D:5)
  An orc priest (D:3)
  Terence (D:3)
  An iguana (D:6)
  3 sleepcaps
  An orc wizard (D:5)
  4 gnolls (D:5)
  6 adders
  3 river rats (D:3)
  4 white imps
  2 ufetubi (D:4)
  A dart slug (D:2)
  17 orcs
  7 ball pythons
  7 endoplasms
  8 giant cockroaches
  9 goblins
  7 hobgoblins
  4 jackals (D:3)
  7 kobolds
  5 quokkas
  6 bats
  3 frilled lizards
  6 rats
144 creatures vanquished.

Notes
Turn   | Place    | Note
-------+----------+-------------------------------------------
     0 | D:1      | Newt the Merfolk Fighter began the quest for the Orb.
     0 | D:1      | Reached XP level 1. HP: 18/18 MP: 1/1
    98 | D:1      | Reached XP level 2. HP: 21/24 MP: 2/2
   167 | D:1      | Found Sajagge's Magic Scroll Shoppe.
   175 | D:1      | Bought a scroll of identify for 28 gold pieces
   527 | D:1      | Reached XP level 3. HP: 25/29 MP: 3/3
  1203 | D:2      | Found Pomn's Distillery.
  1357 | D:2      | Reached skill level 5 in Long Blades
  1539 | D:1      | Bought a scroll of identify for 28 gold pieces
  1539 | D:1      | Bought a scroll of identify for 28 gold pieces
  1611 | D:3      | Reached XP level 4. HP: 35/35 MP: 4/4
  1617 | D:3      | Reached skill level 1 in Dodging
  2088 | D:3      | Reached skill level 2 in Dodging
  2088 | D:3      | Noticed Terence
  2107 | D:3      | Killed Terence
  2108 | D:3      | Reached skill level 3 in Dodging
  2136 | D:3      | Reached skill level 4 in Dodging
  2136 | D:3      | Reached XP level 5. HP: 23/41 MP: 5/5
  2709 | D:4      | Noticed a water moccasin
  2723 | D:4      | Killed a water moccasin
  2724 | D:4      | Reached skill level 5 in Fighting
  2724 | D:4      | Reached skill level 1 in Stealth
  2724 | D:4      | Reached XP level 6. HP: 12/51 MP: 6/6
  3004 | D:4      | Found a staircase to the Ecumenical Temple.
  3153 | D:4      | Found Yxudinom's Weapon Shop.
  3333 | D:4      | Reached XP level 7. HP: 56/56 MP: 7/7
  3615 | Temple   | Entered the Ecumenical Temple
  3630 | Temple   | Became a worshipper of Makhleb the Destroyer
  3668 | D:5      | Entered Level 5 of the Dungeon
  4222 | D:5      | Learned a level 2 spell: Wereblood
  4617 | D:5      | Reached skill level 1 in Spellcasting
  5093 | D:6      | Found Pohoramo's Antique Weapon Emporium.
  5117 | D:6      | Reached XP level 8. HP: 15/62 MP: 9/11
  5785 | D:6      | Reached skill level 5 in Transmutations
  6246 | D:6      | Reached * piety under Makhleb
  6843 | D:6      | Reached XP level 9. HP: 18/61 MP: 16/16
  6900 | D:6      | Reached skill level 5 in Spellcasting
  7917 | D:6      | Bought an iridescent halberd for 261 gold pieces
  7917 | D:6      | Identified the +4 halberd of Instinct {heavy, Drain rElec
                  | rC+} (You bought it in a shop on level 6 of the Dungeon)
  7957 | D:7      | Reached skill level 5 in Dodging
  8126 | D:7      | Reached skill level 6 in Dodging
  8649 | D:8      | Reached skill level 7 in Dodging
  8657 | D:8      | Reached skill level 8 in Dodging
  8659 | D:8      | Mangled by a yak

Illustrated notes

Levels and vault maps discovered:
D:1:      roderic_chinese_lattice_arrival, layout_basic, serial_shops, shop,
          amcnicky_mini_pool_small
D:2:      minmay_door_path, layout_rooms, serial_shops, shop
D:3:      layout_basic, gup_sewer_entry_spiral, uniq_terence
D:4:      layout_basic, minmay_temple_entry_crystal_x, serial_shops, shop
D:5:      layout_basic
D:6:      layout_basic, serial_shops, nicolae_shop_dealshenge, corner_web_ring
D:7:      layout_basic, minmay_microvault
D:8:      layout_basic, hangedman_decor_points
Temple:   eino_narrow_crystal_temple

Skill      XL: |  1  2  3  4  5  6  7  8  9 |
---------------+----------------------------+-----
Long Blades    | 3 4 5 7 |  7.1
Dodging        | 4 8 |  8.0
Fighting       | 5 |  5.0
Stealth        | 1 3 |  3.0
Spellcasting   | 2 4 5 |  5.2
Transmutations | 3 7 |  7.5
Armour         | |  2.1
Shields        | |  3.0

Action                     |  1- 3 |  4- 6 |  7- 9 || total
---------------------------+-------+-------+-------++-------
  Melee: Long sword        |   112 |   192 |   329 ||   633
         Tailslap          |       |     4 |       ||     4
   Cast: Wereblood         |       |       |     4 ||     4
  Evoke: Wand              |       |       |     6 ||     6
    Use: Scroll            |     6 |     4 |     4 ||    14
         Potion            |       |     1 |     8 ||     9
   Stab: Sleeping          |       |     1 |       ||     1
 Armour: Scale mail        |    43 |    65 |    41 ||   149
  Dodge: Dodged            |    48 |    66 |   130 ||   244
  Block: Buckler           |    40 |   107 |   139 ||   286
         Reflection        |     1 |     1 |     1 ||     3
         Kite shield       |       |       |    25 ||    25

Table legend: (Time is in decaauts)
 A = Elapsed time spent in this place.
 B = Non-inter-level travel time spent in this place.
 C = Inter-level travel time spent in this place.
 D = Time resting spent in this place.
 E = Time spent auto-exploring this place.
 F = Levels seen in this place.
 G = Mean time per level.
                   A        B        C        D        E       F      G
               +--------+--------+--------+--------+--------+-----+--------+
         Total |   8727 |   8160 |    567 |   2590 |   4156 |   9 |  969.7 |
       Dungeon |   8696 |   8159 |    537 |   2590 |   4156 |   8 | 1087.0 |
        Temple |     30 |      1 |     29 |      0 |      0 |   1 |   30.0 |
               +--------+--------+--------+--------+--------+-----+--------+

Top non-repeatable levels by time:
     D:6: 2473 daAuts
     D:5: 1668 daAuts
     D:1: 1141 daAuts
     D:4: 974 daAuts
     D:3: 821 daAuts
     D:2: 736 daAuts
     D:8: 461 daAuts
     D:7: 418 daAuts
  Temple: 30 daAuts
